 Dungeon Sprint DCSS version 0.29-a0-369-gd956c00756 (webtiles) character file.

Game seed: 8737947314979190848

201364 mhtbhm the Conqueror (level 16, -32/183 HPs)
             Began as a Green Draconian Berserker on May 1, 2022.
             Was the Champion of Trog.
             Killed from afar by a fire giant (57 damage)
             ... with a fireball
             ... in the Dungeon (Sprint IX: "|||||||||||||||||||||||||||||").
             The game lasted 00:20:50 (6595 turns).

mhtbhm the Conqueror (Green Draconian Berserker)    Turns: 6595, Time: 00:20:51

Health: -32/183    AC: 16    Str: 25    XL:     16   Next: 68%
Magic:  16/16      EV: 31    Int:  8    God:    Trog [******]
Gold:   71         SH:  0    Dex: 13    Spells: 15/15 levels left

rFire   . . .      SeeInvis +   a - +6 glaive "Ethum" {flame, Fly}
rCold   . . .      Faith    .   (shield currently unavailable)
rNeg    . . .      Spirit   .   (body armour unavailable)
rPois   +          Reflect  .   (helmet restricted)
rElec   .          Harm     .   J - +2 cloak of the Thief {*Fog Slay-2 SInv Stlth+}
rCorr   .          Rampage  .   C - +1 pair of gloves
Will    +++..      NoTele   +   j - +1 pair of boots
Stlth   +++++++++.              u - amulet of regeneration
HPRegen 2.20/turn               m - +2 ring of evasion
MPRegen 0.15/turn               x - +4 ring of evasion

@: strong-willed, on berserk cooldown, flying, regenerating
A: breathe noxious fumes, AC +9, unfitting armour, stinger 1, poison resistance,
cold-blooded
}: 4/17 runes: decaying, serpentine, barnacled, gossamer
a: Breathe Noxious Fumes, Renounce Religion, Berserk, Trog's Hand, Brothers in
Arms


You were in the Dungeon.
You worshipped Trog.
Trog was exalted by your worship.
You visited 1 branch You collected 1937 gold pieces.
You spent 1866 gold pieces at shops.

Inventory:

Hand Weapons
 a - the +6 glaive "Ethum" (weapon) {flame, Fly}
   (Trog gifted it to you in the Dungeon)

   It burns those it strikes, dealing additional fire damage.
   Big, fiery blades are also staple armaments of hydra-hunters.
   Fly:       It grants you flight.
 r - the +10 trident of the Sea {flame, Str+2}
   (Trog gifted it to you in the Dungeon)

   It burns those it strikes, dealing additional fire damage.
   Str:       It affects your strength (+2).
 D - a +0 triple sword of holy wrath
 E - a +5 double sword of holy wrath
 F - the +2 glaive of Udorr {flame, Will+ Stlth+}
   (Trog gifted it to you in the Dungeon)

   It burns those it strikes, dealing additional fire damage.
   Big, fiery blades are also staple armaments of hydra-hunters.
   Will:      It increases your willpower.
   Stlth:     It makes you more stealthy.
 G - a +4 vorpal bardiche
Missiles
 i - 6 javelins (quivered)
 H - 4 silver javelins
Armour
 j - a +1 pair of boots (worn)
 C - a +1 pair of gloves (worn)
 J - the +2 cloak of the Thief (worn) {*Fog Slay-2 SInv Stlth+}
   (You found it in the Dungeon)

   It may release a thick cloud of smoke when the wearer is hurt.
   Slay:      It affects your accuracy & damage with ranged weapons and melee
   (-2).
   SInv:      It lets you see invisible.
   Stlth:     It makes you more stealthy.
Jewellery
 m - a +2 ring of evasion (left hand)
 u - an amulet of regeneration (around neck)
 x - a +4 ring of evasion (right hand)
 y - the amulet of Gozag's Castigation {Spirit Str+3}
   (You bought it in a shop in the Dungeon)

   [amulet of guardian spirit]

   It causes incoming damage to be divided between your reserves of health and
   magic.
   Str:       It affects your strength (+3).
 A - a ring of see invisible
 B - a ring of resist corrosion
Wands
 l - a wand of digging (8)
 s - a wand of paralysis (1)
Scrolls
 g - 3 scrolls of blinking
 k - 4 scrolls of enchant armour
 o - 8 scrolls of identify
 p - 4 scrolls of enchant weapon
 q - 3 scrolls of fear
 v - a scroll of magic mapping
 w - a scroll of silence
Potions
 b - a potion of invisibility
 d - a potion of haste
 e - 4 potions of magic
 f - 3 potions of berserk rage
 h - 4 potions of curing
 n - 4 potions of mutation
 t - a potion of cancellation
 z - a potion of resistance


   Skills:
 O Level 27 Fighting
 O Level 27 Polearms
 + Level 26.6 Dodging
 + Level 23.3 Stealth
 + Level 10.0 Evocations


You had 15 spell levels left.
You didn't know any spells.
Your spell library was empty.

Dungeon Overview and Level Annotations

Branches:
Dungeon (1/1)

Altars:
Cheibriados
Dithmenos
Elyvilon
Fedhas
Gozag
Hepliaklqana
Kikubaaqudgha
Makhleb
Nemelex Xobeh
Okawaru
Qazlal
Ru
Sif Muna
Trog
Uskayaw
Vehumet
Wu Jian
Xom
Yredelemnul
Zin
The Shining One
Beogh
Jiyva
Lugonu

Shops:
D *[=


Innate Abilities, Weirdness & Mutations

You can breathe blasts of noxious fumes.
Your lurid green scales are hard. (AC +9)
You cannot fit into any form of body armour.
Your tail ends in a venomous barb.
Your system is resistant to poisons. (rPois)
You are cold-blooded and may be slowed by cold attacks.


Message History

Okay, then.
Aiming: Breathe Noxious Fumes (1% risk of failure)
Press: ? - help, Shift-Dir - straight line, f/p - fire giant
Aim: a fire giant, wielding a +2 great sword of flaming (grey smoke, lightly wounded, 92% to hit)
Okay, then.
Unknown command.
Press: ? - help, v - describe, . - travel
Here: a fire giant, wielding a +2 great sword of flaming (grey smoke, lightly wounded)
The floor.
Your skin crawls.
You feel strong-willed.
You feel yourself speed up.
The fire giant hits you with a +2 great sword of flaming!
* * * LOW HITPOINT WARNING * * *
The fire giant burns you.
* * * LOW HITPOINT WARNING * * *
Unknown command.
Unknown command.
Okay, then.
You hit the fire giant but do no damage.
You tail-slap the fire giant, but do no damage.
The fire giant is lightly wounded.
The fire giant hits you with a +2 great sword of flaming.
* * * LOW HITPOINT WARNING * * *
The fire giant burns you.
* * * LOW HITPOINT WARNING * * *
Unknown command.
You feel better. The fire giant completely misses you.
Unknown command.
Your deep troll goes berserk!
The fire giant completely misses you.
Unknown command.
You swap places.
The fire giant attacks as you move away!
The fire giant closely misses you.
Your deep troll bites the fire giant!!
Your deep troll claws the fire giant!
Your deep troll claws the fire giant but does no damage.
The fire giant casts a spell at you.
The fireball explodes!
The fireball engulfs your deep troll! The fireball engulfs you!!!
You die...

.♣.▓)▓.▓)▓.▓[▓.▓)▓
.♣.▓.▓.▓)▓.▓[▓.▓)▓
)♣.▓.▓.▓)▓.▓[▓.▓)▓
)▓.▓.▓.▓)▓.▓[▓.▓)▓
.▓.▓.▓.▓)▓.▓.▓.▓.▓
.▓.▓.▓.▓)▓.▓.▓.▓.▓
)▓.▓.▓.▓.▓)▓.▓.▓§▓
)▓)▓.▓.▓.▓)▓.▓.▓§▓
)▓.▓.▓.▓.▓)▓.▓.▓@▓
.▓.▓.▓.▓[▓.▓.▓.▓T▓
.▓.▓)▓.▓[▓)▓[▓.▓C▓
.▓.▓)▓.▓[▓.▓.▓.▓§▓
.▓.▓)▓.▓=▓.▓)▓.▓§▓
†▓.▓.▓.▓[▓.▓[▓.▓§▓
.▓.▓'▓.▓[▓§▓[▓.▓§▓
†▓.▓)▓.▓.▓.▓[▓.▓C▓
.▓.▓)▓.▓.▓.▓)▓.▓§▓


You could see a fire giant (ally target) and a friendly deep troll (summoned,
berserk).

Vanquished Creatures
  Sojobo (D)
  Boris (D)
  Margery (D)
  Frederick (D)
  Saint Roka (D)
  Nikola (D)
  A tentacled monstrosity (D)
  Rupert (D)
  2 liches (D)
  Frances (D)
  A sphinx (D)
  2 shadow dragons (D)
  3 tengu reavers (D)
  6 nagarajas (D)
  2 fire giants (D)
  A frost giant (D)
  3 emperor scorpions (D)
  2 ghost moths (D)
  2 ironbound preservers (D)
  3 very ugly things (D)
  3 stone giants (D)
  4 ironbound thunderhulks (D)
  3 entropy weavers (D)
  An eleionoma (D)
  A deep elf death mage (D)
  4 merfolk impalers (D)
  5 merfolk javelineers (D)
  3 fire dragons (D)
  Josephine (D)
  2 yaktaur captains (D)
  25 vault guards (D)
  A great orb of eyes (D)
  A shambling mangrove (D)
  2 ironbound frosthearts (D)
  3 ice dragons (D)
  2 boulder beetles (D)
  2 catoblepae (D)
  4 merfolk aquamancers (D)
  3 alligators (D)
  6 hydras (D)
  A centaur warrior (D)
  A two-headed ogre (D)
  3 naga warriors (D)
  2 tengu warriors (D)
  2 deep troll shamans (D)
  2 naga sharpshooters (D)
  3 deep troll earth magi (D)
  3 death yaks (D)
  An orc high priest (D)
  2 hell knights (D)
  Nergalle (D)
  A spriggan (D)
  2 sea snakes (D)
  7 swamp dragons (D)
  An orb spider (D)
  A spriggan druid (D)
  A naga ritualist (D)
  3 wizards (D)
  4 wolf spiders (D)
  4 necromancers (D)
  A harpy (D)
  A shining eye (shapeshifter) (D)
  5 orc sorcerers (D)
  3 ugly things (D)
  5 orc knights (D)
  A will-o-the-wisp (D)
  2 manticores (D)
  A guardian serpent (D)
  4 moths of wrath (D)
  Maurice (D)
  Joseph (D)
  A naga mage (D)
  3 black mambas (D)
  2 vault sentinels (D)
  2 cane toads (D)
  4 demonic crawlers (D)
  2 rime drakes (D)
  An efreet (D)
  A yaktaur (D)
  A freezing wraith (D)
  2 merfolk (D)
  3 trolls (D)
  A hornet (D)
  A slime creature (D)
  A tarantella (D)
  A snapping turtle (D)
  2 blink frogs (D)
  3 jumping spiders (D)
  7 yaks (D)
  A wyvern (D)
  5 wraiths (D)
  A redback (D)
  Grum (D)
  2 nagas (D)
  An acid dragon (D)
  5 water moccasins (D)
  14 orc warriors (D)
  4 wolves (D)
  2 boggarts (D)
  A centaur (D)
  A bullfrog (D)
  A wight (D)
  3 orc priests (D)
  16 orc wizards (D)
  An adder (D)
  A shadow imp (D)
  A white imp (D)
  An ufetubus (D)
  3 orcs (D)
  A ball python (D)
  An endoplasm (D)
  A hobgoblin (D)
  A goblin (D)
  A rat (D)
290 creatures vanquished.

Vanquished Creatures (collateral kills)
  A stone giant (D)
  A very ugly thing (D)
  A boulder beetle (D)
  A naga warrior (D)
  A cyclops (D)
  A wraith (D)
6 creatures vanquished.

Vanquished Creatures (others)
  Ilsuiw (D)
1 creature vanquished.

Grand Total: 297 creatures vanquished

Notes
Turn   | Place    | Note
-------+----------+-------------------------------------------
     0 | D        | mhtbhm the Draconian Berserker began the quest for the Orb.
     0 | D        | Reached XP level 1. HP: 19/19 MP: 1/1
    10 | D        | Reached ** piety under Trog
   140 | D        | Noticed an orc wizard
   145 | D        | Reached XP level 2. HP: 28/28 MP: 2/2
   149 | D        | Reached *** piety under Trog
   154 | D        | Reached skill level 5 in Fighting
   154 | D        | Reached skill level 5 in Polearms
   154 | D        | Reached XP level 3. HP: 34/36 MP: 3/3
   166 | D        | Reached **** piety under Trog
   186 | D        | Found a snail-covered altar of Cheibriados.
   186 | D        | Found a shadowy altar of Dithmenos.
   186 | D        | Found a white marble altar of Elyvilon.
   186 | D        | Found a blossoming altar of Fedhas.
   186 | D        | Found an opulent altar of Gozag.
   187 | D        | Found a hazy altar of Hepliaklqana.
   188 | D        | Found a viscous altar of Jiyva.
   189 | D        | Found an ancient bone altar of Kikubaaqudgha.
   190 | D        | Found a corrupted altar of Lugonu.
   191 | D        | Found a burning altar of Makhleb.
   192 | D        | Found a sparkling altar of Nemelex Xobeh.
   193 | D        | Found an iron altar of Okawaru.
   194 | D        | Found a stormy altar of Qazlal.
   195 | D        | Found a sacrificial altar of Ru.
   196 | D        | Found a shimmering blue altar of Sif Muna.
   197 | D        | Found a bloodstained altar of Trog.
   198 | D        | Found a hide-covered altar of Uskayaw.
   199 | D        | Found a radiant altar of Vehumet.
   200 | D        | Found an ornate altar of the Wu Jian Council.
   201 | D        | Found a shimmering altar of Xom.
   202 | D        | Found a basalt altar of Yredelemnul.
   203 | D        | Found a glowing silver altar of Zin.
   204 | D        | Found a glowing golden altar of the Shining One.
   408 | D        | Noticed an orc warrior
   408 | D        | Noticed a yak
   408 | D        | Noticed a wight
   408 | D        | Noticed a two-headed ogre
   408 | D        | Noticed an acid dragon
   408 | D        | Noticed a troll
   414 | D        | Killed an orc warrior
   415 | D        | Reached skill level 5 in Dodging
   415 | D        | Reached XP level 4. HP: 47/47 MP: 4/4
   415 | D        | Reached XP level 5. HP: 52/52 MP: 5/5
   416 | D        | Killed a yak
   417 | D        | Reached XP level 6. HP: 62/62 MP: 6/6
   419 | D        | Killed a two-headed ogre
   420 | D        | Reached skill level 10 in Fighting
   420 | D        | Your scales start taking on a lurid green colour.
   420 | D        | Reached XP level 7. HP: 73/73 MP: 7/7
   420 | D        | Gained mutation: Your system is resistant to poisons.
                  | (rPois) [Green Draconian growth]
   426 | D        | Reached ***** piety under Trog
   427 | D        | Reached XP level 8. HP: 79/81 MP: 8/8
   430 | D        | Killed a troll
   544 | D        | Noticed a white ugly thing
   544 | D        | Noticed a manticore
   544 | D        | Noticed a boulder beetle
   544 | D        | Noticed a cyclops
   548 | D        | Killed a manticore
   548 | D        | Received a gift from Trog
   550 | D        | Killed a white ugly thing
   551 | D        | Reached XP level 9. HP: 48/91 MP: 9/9
   559 | D        | Reached skill level 10 in Dodging
   560 | D        | Killed a boulder beetle
   561 | D        | Reached skill level 15 in Polearms
   561 | D        | Reached skill level 1 in Stealth
   565 | D        | Killed a cyclops
   880 | D        | Noticed a cane toad
   885 | D        | Identified the +10 trident of the Sea {flame, Str+2} (Trog
                  | gifted it to you in the Dungeon)
   885 | D        | Received a gift from Trog
   899 | D        | Killed a cane toad
   900 | D        | Reached XP level 10. HP: 103/103 MP: 10/10
   960 | D        | Noticed a cane toad
   969 | D        | Killed a cane toad
   993 | D        | Received a gift from Trog
   994 | D        | Reached skill level 15 in Fighting
  1121 | D        | Noticed a death yak
  1121 | D        | Noticed a catoblepas
  1121 | D        | Noticed a death yak
  1130 | D        | Noticed a catoblepas
  1134 | D        | Killed a death yak
  1134 | D        | Reached ****** piety under Trog
  1135 | D        | Noticed a death yak
  1140 | D        | Killed a catoblepas
  1165 | D        | Killed a death yak
  1166 | D        | Reached XP level 11. HP: 79/114 MP: 11/11
  1167 | D        | Killed a catoblepas
  1167 | D        | Received a gift from Trog
  1174 | D        | Killed a death yak
  1452 | D        | Noticed Joseph
  1467 | D        | Killed Joseph
  1636 | D        | Noticed Grum
  1648 | D        | Killed Grum
  1649 | D        | Received a gift from Trog
  1752 | D        | Noticed an orc knight
  1752 | D        | Noticed an orc high priest
  1766 | D        | Killed an orc knight
  1769 | D        | Killed an orc high priest
  1786 | D        | Received a gift from Trog
  2010 | D        | Noticed an orc knight
  2016 | D        | Identified the +2 glaive of Udorr {flame, Will+ Stlth+}
                  | (Trog gifted it to you in the Dungeon)
  2016 | D        | Received a gift from Trog
  2020 | D        | Killed an orc knight
  2035 | D        | Received a gift from Trog
  2254 | D        | Found Mapra's General Store.
  2254 | D        | Noticed an orc sorcerer
  2254 | D        | Noticed an orc sorcerer
  2255 | D        | Noticed an orc sorcerer
  2260 | D        | Killed an orc sorcerer
  2261 | D        | Found Carune Olio's Magic Scroll Shoppe.
  2261 | D        | Noticed an orc sorcerer
  2263 | D        | Noticed an orc sorcerer
  2266 | D        | Killed an orc sorcerer
  2266 | D        | Received a gift from Trog
  2270 | D        | Found Xalith's Armour Emporium.
  2276 | D        | Killed an orc sorcerer
  2277 | D        | Killed an orc sorcerer
  2281 | D        | Killed an orc sorcerer
  2282 | D        | Found Dihiekir's Jewellery Shoppe.
  2286 | D        | Received a gift from Trog
  2392 | D        | Bought an amulet of regeneration for 420 gold pieces
  2403 | D        | Bought a scroll of identify for 26 gold pieces
  2405 | D        | Bought a scroll of fear for 45 gold pieces
  2405 | D        | Bought a scroll of identify for 26 gold pieces
  2405 | D        | Bought a scroll of identify for 26 gold pieces
  2405 | D        | Bought a scroll of identify for 26 gold pieces
  2405 | D        | Bought a scroll of magic mapping for 45 gold pieces
  2405 | D        | Bought a scroll of fear for 45 gold pieces
  2405 | D        | Bought a scroll of silence for 97 gold pieces
  2409 | D        | Bought a +4 ring of evasion for 504 gold pieces
  2409 | D        | Bought the amulet of Gozag's Castigation {Spirit Str+3} for
                  | 606 gold pieces
  2442 | D        | Noticed Maurice
  2448 | D        | Killed Maurice
  2448 | D        | Received a gift from Trog
  2573 | D        | Noticed a cyan ugly thing
  2573 | D        | Noticed a centaur warrior
  2573 | D        | Noticed a wizard
  2573 | D        | Noticed a boulder beetle
  2573 | D        | Noticed an eight-headed hydra
  2577 | D        | Killed a cyan ugly thing
  2578 | D        | Reached XP level 12. HP: 128/128 MP: 12/12
  2578 | D        | Killed a centaur warrior
  2579 | D        | Reached skill level 5 in Stealth
  2579 | D        | Reached skill level 1 in Evocations
  2579 | D        | Noticed a tengu warrior
  2590 | D        | Killed a boulder beetle
  2713 | D        | Noticed a lich
  2718 | D        | Killed a six-headed hydra
  2721 | D        | Noticed a deep troll shaman
  2722 | D        | Killed a lich
  2726 | D        | Noticed a fire dragon
  2733 | D        | Killed a tengu warrior
  2733 | D        | Received a gift from Trog
  2733 | D        | Noticed a deep troll earth mage
  2746 | D        | Killed a deep troll shaman
  2746 | D        | Noticed a stone giant
  2749 | D        | Noticed a deep troll shaman
  2752 | D        | Killed a fire dragon
  2752 | D        | Received a gift from Trog
  2754 | D        | Killed a deep troll earth mage
  2757 | D        | Killed a stone giant
  2759 | D        | Killed a deep troll shaman
  2830 | D        | Noticed Saint Roka
  2839 | D        | Received a gift from Trog
  2853 | D        | Killed Saint Roka
  2859 | D        | Received a gift from Trog
  2903 | D        | Noticed Frances
  2915 | D        | Killed Frances
  2916 | D        | Reached XP level 13. HP: 121/144 MP: 13/13
  3047 | D        | Noticed an eleionoma
  3066 | D        | Killed an eleionoma
  3066 | D        | Received a gift from Trog
  3098 | D        | Reached skill level 15 in Dodging
  3286 | D        | Received a gift from Trog
  3310 | D        | Identified the +8 triple sword of the Moth {flame, rCorr}
                  | (Trog gifted it to you in the Dungeon)
  3310 | D        | Received a gift from Trog
  3346 | D        | Noticed an entropy weaver
  3355 | D        | Killed an entropy weaver
  3402 | D        | Noticed a merfolk impaler
  3406 | D        | Received a gift from Trog
  3415 | D        | Reached skill level 10 in Stealth
  3418 | D        | Killed a merfolk impaler
  3422 | D        | Received a gift from Trog
  3534 | D        | Noticed Nergalle
  3536 | D        | Noticed Josephine
  3544 | D        | Killed Nergalle
  3549 | D        | Killed Josephine
  3549 | D        | Received a gift from Trog
  3625 | D        | Noticed Rupert
  3669 | D        | Killed Rupert
  3752 | D        | Gained mutation: Your tail ends in a venomous barb. [Green
                  | Draconian growth]
  3752 | D        | Reached XP level 14. HP: 157/159 MP: 14/14
  3797 | D        | Noticed a lich
  3797 | D        | Noticed a fire giant
  3806 | D        | Killed a lich
  3806 | D        | Received a gift from Trog
  3808 | D        | Noticed a frost giant
  3819 | D        | Killed a fire giant
  3828 | D        | Identified the +6 dagger "Utoev" {vorpal, *Slow rN+ Dex+4}
                  | (Trog gifted it to you in the Dungeon)
  3828 | D        | Received a gift from Trog
  3832 | D        | Killed a frost giant
  3832 | D        | Noticed a stone giant
  3843 | D        | Killed a stone giant
  3886 | D        | Noticed a stone giant
  3897 | D        | Killed a stone giant
  3897 | D        | Identified the +5 glaive of Zegacatt {antimagic, Dex+2}
                  | (Trog gifted it to you in the Dungeon)
  3897 | D        | Received a gift from Trog
  4021 | D        | Noticed a green very ugly thing
  4030 | D        | Killed a green very ugly thing
  4037 | D        | Identified the +6 glaive "Ethum" {flame, Fly} (Trog gifted
                  | it to you in the Dungeon)
  4037 | D        | Received a gift from Trog
  4203 | D        | Noticed a fire giant
  4212 | D        | Killed a fire giant
  4247 | D        | Noticed an ironbound thunderhulk
  4247 | D        | Noticed an ironbound thunderhulk
  4247 | D        | Noticed a sphinx
  4248 | D        | Noticed a cyan very ugly thing
  4259 | D        | Killed an ironbound thunderhulk
  4263 | D        | Received a gift from Trog
  4268 | D        | Noticed a purple very ugly thing
  4269 | D        | Killed an ironbound thunderhulk
  4272 | D        | Killed a sphinx
  4283 | D        | Killed a cyan very ugly thing
  4287 | D        | Noticed an ironbound thunderhulk
  4292 | D        | Killed a purple very ugly thing
  4298 | D        | Killed an ironbound thunderhulk
  4298 | D        | Received a gift from Trog
  4474 | D        | Noticed an ironbound thunderhulk
  4483 | D        | Received a gift from Trog
  4484 | D        | Killed an ironbound thunderhulk
  4587 | D        | Reached skill level 27 in Fighting
  4591 | D        | Received a gift from Trog
  4595 | D        | Noticed an ironbound preserver
  4605 | D        | Killed an ironbound preserver
  4648 | D        | Noticed Sojobo
  4649 | D        | Noticed a tengu reaver
  4650 | D        | Noticed a tengu reaver
  4655 | D        | Paralysed by an air elemental for 1 turns
  4661 | D        | Paralysed by an air elemental for 1 turns
  4686 | D        | Paralysed by an air elemental for 1 turns
  4694 | D        | Paralysed by something for 1 turns
  4727 | D        | Killed Sojobo
  4728 | D        | Killed a tengu reaver
  4729 | D        | Reached XP level 15. HP: 70/174 MP: 15/15
  4979 | D        | Killed a tengu reaver
  4980 | D        | Reached skill level 27 in Polearms
  5211 | D        | Found the +2 cloak of the Thief {*Fog Slay-2 SInv Stlth+}
  5323 | D        | Noticed Nikola
  5335 | D        | Killed Nikola
  5335 | D        | Received a gift from Trog
  5346 | D        | Noticed Margery
  5357 | D        | Killed Margery
  5358 | D        | Reached skill level 5 in Evocations
  5367 | D        | Received a gift from Trog
  5422 | D        | Noticed Boris
  5433 | D        | Killed Boris
  5434 | D        | Reached skill level 15 in Stealth
  5459 | D        | Noticed Frederick
  5474 | D        | Killed Frederick
  5537 | D        | Noticed an emperor scorpion
  5537 | D        | Noticed an emperor scorpion
  5537 | D        | Noticed an emperor scorpion
  5545 | D        | Received a gift from Trog
  5551 | D        | Killed an emperor scorpion
  5556 | D        | Killed an emperor scorpion
  5559 | D        | Killed an emperor scorpion
  5573 | D        | Received a gift from Trog
  5585 | D        | Got a gossamer rune of Zot
  5683 | D        | Noticed a nagaraja
  5683 | D        | Noticed a nagaraja
  5683 | D        | Noticed a nagaraja
  5694 | D        | Killed a nagaraja
  5694 | D        | Received a gift from Trog
  5695 | D        | Noticed a nagaraja
  5701 | D        | Killed a nagaraja
  5710 | D        | Killed a nagaraja
  5713 | D        | Killed a nagaraja
  5713 | D        | Received a gift from Trog
  5715 | D        | Noticed a nagaraja
  5719 | D        | Noticed a nagaraja
  5728 | D        | Killed a nagaraja
  5735 | D        | HP: 4/174 [nagaraja/+0 spear (23)]
  5744 | D        | Killed a nagaraja
  5746 | D        | Received a gift from Trog
  5818 | D        | Got a serpentine rune of Zot
  5854 | D        | Noticed Ilsuiw
  5876 | D        | Received a gift from Trog
  5876 | D        | Killed Ilsuiw
  5895 | D        | Received a gift from Trog
  5919 | D        | Got a barnacled rune of Zot
  6103 | D        | Received a gift from Trog
  6115 | D        | Reached XP level 16. HP: 177/183 MP: 16/16
  6129 | D        | Received a gift from Trog
  6208 | D        | Got a decaying rune of Zot
  6311 | D        | Received a gift from Trog
  6337 | D        | Received a gift from Trog
  6389 | D        | Received a gift from Trog
  6417 | D        | Received a gift from Trog
  6496 | D        | Noticed a tentacled monstrosity
  6509 | D        | Received a gift from Trog
  6513 | D        | Killed a tentacled monstrosity
  6518 | D        | Noticed a tengu reaver
  6523 | D        | Received a gift from Trog
  6524 | D        | Reached skill level 10 in Evocations
  6524 | D        | Noticed a shadow dragon
  6536 | D        | Killed a tengu reaver
  6540 | D        | Noticed a shadow dragon
  6545 | D        | Killed a shadow dragon
  6561 | D        | Killed a shadow dragon
  6562 | D        | Received a gift from Trog
  6595 | D        | Killed from afar by a fire giant

Illustrated notes

Levels and vault maps discovered:
D:        linesprint [early_d, line_temple, items_1, d_10, items_2, lair_1,
          lair_end, items_3, orc_1, orc_end, items_4, d_15, swamp_1, shoals_1,
          snake_1, spider_1, d_20, vaults_1, items_5, swamp_end, shoals_end,
          snake_end, spider_end, vaults_end, d_27, items_6, zot_1, zot_end,
          crypt_end, forest_end, elf_end, slime_end, tomb_end, abyss_end,
          pan_hell_end]

Skill      XL: |  1  2  3  4  5  6  7  8  9 10 11 12 13 14 15 16 |
---------------+-------------------------------------------------+-----
Dodging        | 3 4 5 6 8 9 11 12 13 14 16 18 23 26 | 26.6
Fighting       | 4 5 7 8 10 12 14 16 18 21 24 27 | 27.0
Polearms       | 4 5 7 8 11 12 14 16 18 20 22 24 26 27 | 27.0
Stealth        | 2 3 4 8 10 13 19 23 | 23.3
Evocations     | 2 3 4 9 10 | 10.0

Action                   |  1- 3 |  4- 6 |  7- 9 | 10-12 | 13-15 | 16-18 || total
-------------------------+-------+-------+-------+-------+-------+-------++-------
Melee: Spear             |    37 |       |       |       |       |       ||    37
       Tailslap          |     3 |     2 |     3 |    36 |    85 |    23 ||   152
       Halberd           |     5 |     5 |    41 |   169 |       |       ||   220
       Glaive            |       |       |       |   106 |   520 |   198 ||   824
Invok: Berserk           |     2 |       |     2 |     6 |    14 |     1 ||    25
       Brothers in Arms  |       |       |     1 |       |     6 |     2 ||     9
       Trog's Hand       |       |       |       |       |       |     1 ||     1
 Abil: Breathe Noxious F |       |       |     1 |    11 |    29 |     5 ||    46
Evoke: Wand              |       |       |       |     3 |     7 |     1 ||    11
  Use: Potion            |     1 |       |     1 |     2 |    11 |     2 ||    17
       Scroll            |       |       |       |       |     7 |     1 ||     8
 Stab: Confused          |       |       |     1 |     4 |    17 |     5 ||    27
       Sleeping          |       |       |       |     2 |     1 |     1 ||     4
       Distracted        |       |       |       |       |     2 |     1 ||     3
Armor: Skin              |     6 |       |       |    35 |    77 |    27 ||   145
Dodge: Dodged            |    17 |     2 |    15 |   124 |   287 |    75 ||   520

Table legend: (Time is in decaauts)
 A = Elapsed time spent in this place.
 B = Non-inter-level travel time spent in this place.
 C = Inter-level travel time spent in this place.
 D = Time resting spent in this place.
 E = Time spent auto-exploring this place.
 F = Levels seen in this place.
 G = Mean time per level.
                   A        B        C        D        E       F      G
               +--------+--------+--------+--------+--------+-----+--------+
         Total |   6444 |   6444 |      0 |   3127 |    966 |   1 | 6444.0 |
       Dungeon |   6444 |   6444 |      0 |   3127 |    966 |   1 | 6444.0 |
               +--------+--------+--------+--------+--------+-----+--------+

Top non-repeatable levels by time:
       D: 6444 daAuts
